Map: Triton LE

Players

Iporazzam

  • Race: Zerg Zerg
  • League: Diamond
  • Spawn Location: 5:00

ViBE - Winner!

  • Race: Terran Terran
  • League: Diamond
  • Spawn Location: 11:00

VOD

Have the link to the VOD?

Description

Time

  • Played on: Dec. 17, 2019, 9:29 p.m.
  • Length: 16:08
Show
View Real Time Build Order
Export as new Build Order

Iporazzam Zerg 

Build Orders: Pool First 

Get SALT Encoding   

  12  0:03  Drone  
  13  0:08  Drone  
  14  0:18  Extractor  
  14  0:19  Extractor  
  14  0:20  Drone  
  13  0:22  Drone  
  16  0:39  Spawning Pool  
  15  1:04  Overlord  
  15  1:12  Hatchery  
  14  1:27  Zergling x6  
  17  1:42  Zergling x2  
  18  2:17  Extractor  
  17  2:26  Spine Crawler  
  17  2:27  Queen  
  18  2:39  Drone  
  19  2:51  Drone  
  20  2:54  Spine Crawler  
  19  2:58  Zergling x6  
  19  3:00  Drone  
  19  3:03  Queen  
  24  3:16  Zergling x4  
  25  3:25  Zergling x4, Spine Crawler  
  25  3:36  Zergling x4  
  27  3:49  Zergling x2  
  26  3:58  Zergling x2  
  26  3:59  Zergling x2  
  27  4:04  Zergling x2  
  24  4:11  Zergling x4  
  22  4:18  Zergling x4  
  22  4:30  Drone x2  
  23  4:32  Queen  
  23  4:35  Extractor  
  23  4:36  Extractor, Drone  
  24  4:50  Drone  
  25  4:55  Drone x3  
  28  5:13  Hatchery  
  27  5:16  Roach Warren  
  24  5:22  Drone  
  24  5:23  Drone x2  
  27  5:42  Drone x2  
  27  5:47  Lair  
  27  5:48  Overlord  
  27  5:53  Extractor, Overlord  
  25  6:03  Overlord  
  25  6:10  Drone x2  
  27  6:16  Drone  
  25  6:31  Roach x2  
  27  6:37  Drone  
  28  6:40  Drone  
  28  6:46  Drone x2  
  31  6:55  Drone x2  
  35  7:01  Roach  
  35  7:13  Drone x3  
  35  7:14  Drone  
  39  7:22  Spire  
  38  7:23  Drone  
  38  7:29  Overlord  
  37  7:37  Spore Crawler  
  37  7:42  Drone x3  
  39  7:48  Drone  
  39  7:51  Queen  
  40  7:54  Queen  
  44  8:02  Drone x2  
  44  8:04  Drone  
  47  8:18  Drone x2  
  49  8:23  Overlord  
  49  8:32  Drone x2  
  50  8:37  Corruptor  
  50  8:38  Overlord  
  50  8:45  Corruptor  
  52  8:51  Corruptor  
  53  8:58  Corruptor  
  53  8:59  Extractor  
  53  9:01  Corruptor  
  56  9:16  Drone x2  
  56  9:17  Drone  
  59  9:18  Drone  
  59  9:19  Corruptor  
  59  9:22  Hatchery  
  61  9:25  Corruptor  
  61  9:29  Roach  
  65  9:35  Drone x2  
  62  10:00  Corruptor  
  62  10:02  Zergling x8  
  62  10:03  Overlord  
  62  10:04  Overlord  
  62  10:05  Metabolic Boost  
  68  10:12  Overlord  
  68  10:27  Extractor x2  
  68  10:28  Roach x2  
  68  10:33  Corruptor x4  
  76  10:36  Roach x2  
  76  10:41  Drone x2  
  82  10:45  Drone x3  
  85  11:01  Spine Crawler  
  85  11:03  Roach x3  
  90  11:07  Roach x3  
  90  11:08  Overlord  
  92  11:12  Roach x2  
  92  11:13  Roach  
  94  11:21  Roach  
  94  11:22  Roach x2  
  86  11:27  Roach x2  
  86  11:34  Mutalisk x2  
  86  11:43  Drone  
  86  11:44  Drone  
  88  11:47  Spine Crawler  
  83  11:56  Drone x3  
  83  11:58  Drone x4  
  90  12:13  Roach x4  
  98  12:19  Mutalisk  
  100  12:27  Glial Reconstitution  
  100  12:38  Overlord  
  90  12:58  Drone  
  90  12:59  Drone x4  
  90  13:01  Roach x2  
  99  13:06  Drone  
  99  13:07  Drone x4  
  99  13:12  Overlord  
  104  13:22  Hatchery  
  104  13:25  Drone x3  
  106  13:33  Ravager x3  
  109  13:35  Extractor x2, Ravager x5  
  109  13:36  Ravager x4  
  116  13:53  Evolution Chamber  
  97  14:28  Roach x2  
  97  14:29  Roach  
  93  14:31  Roach x3  
  93  14:35  Corruptor x4  
  93  14:36  Corruptor  
  102  14:39  Mutalisk  
  102  14:40  Overlord  
  100  15:05  Corruptor  
  100  15:06  Corruptor x2  
  96  15:15  Roach x3  
  96  15:20  Roach  
  96  15:21  Roach x2  
  81  15:30  Roach x4  
  87  15:39  Corruptor  
  85  15:49  Roach x2  
Show
View Real Time Build Order
Export as new Build Order

ViBE Terran - Winner!

Build Orders:  

Get SALT Encoding   

  12  0:01  SCV  
  13  0:13  SCV  
  14  0:19  Supply Depot  
  14  0:27  SCV  
  15  0:41  SCV  
  16  0:44  Barracks  
  16  0:49  Refinery  
  16  0:53  SCV  
  17  1:05  SCV  
  18  1:17  SCV  
  19  1:29  SCV  
  20  1:35  Refinery  
  20  1:39  Reaper  
  21  1:46  Command Center  
  21  1:59  Supply Depot  
  21  2:03  Orbital Command  
  21  2:18  Factory  
  21  2:39  SCV  
  21  2:43  Marine  
  23  2:51  SCV  
  24  2:54  Supply Depot x2  
  24  2:59  Bunker  
  24  3:03  Factory Tech Lab  
  24  3:10  Marine  
  25  3:13  Starport  
  25  3:25  Siege Tank  
  26  3:37  SCV  
  27  3:41  Orbital Command  
  27  3:50  Starport Tech Lab  
  27  3:55  SCV  
  27  3:57  Supply Depot  
  28  4:18  SCV  
  28  4:19  Siege Tank  
  28  4:20  SCV  
  33  4:30  SCV  
  34  4:32  Raven, SCV  
  37  4:42  SCV  
  37  4:44  SCV  
  39  4:52  Supply Depot  
  39  4:54  SCV  
  39  4:56  SCV  
  41  5:07  SCV  
  42  5:12  SCV  
  43  5:17  Fusion Core  
  43  5:19  SCV  
  44  5:22  Command Center  
  44  5:24  SCV  
  45  5:31  SCV  
  46  5:39  SCV  
  47  5:43  SCV  
  48  5:51  SCV  
  48  5:55  SCV  
  51  6:06  Battlecruiser  
  51  6:07  SCV  
  57  6:19  SCV  
  57  6:20  Factory Reactor  
  57  6:25  Orbital Command  
  58  6:34  SCV  
  59  6:43  Command Center  
  59  6:46  SCV  
  60  7:00  SCV x2  
  62  7:12  SCV, Starport  
  62  7:13  SCV  
  64  7:19  Battlecruiser  
  64  7:20  Refinery x2  
  70  7:24  SCV  
  70  7:25  SCV  
  72  7:36  Hellion x2  
  72  7:37  SCV  
  77  7:42  Factory, Supply Depot  
  77  7:43  Supply Depot  
  77  7:46  SCV  
  77  7:48  Supply Depot x2  
  77  7:49  Supply Depot  
  77  7:50  Supply Depot  
  78  7:53  Orbital Command  
  78  8:03  Command Center  
  78  8:10  Hellion x2, Battlecruiser  
  88  8:17  Refinery  
  88  8:27  Engineering Bay  
  88  8:29  SCV x3, Refinery  
  92  8:41  SCV x4  
  92  8:46  Factory Reactor, Hellion x2  
  92  8:48  Battlecruiser  
  105  8:53  SCV x4  
  109  9:10  Planetary Fortress  
  109  9:12  SCV x3  
  112  9:18  Command Center  
  112  9:24  SCV x3  
  113  9:26  Battlecruiser  
  113  9:27  Hellion x2  
  113  9:28  Hellion  
  113  9:31  Hellion  
  129  9:46  Neosteel Armor  
  129  9:47  Armory  
  129  9:49  Armory  
  121  10:03  Battlecruiser  
  121  10:05  Hellion x4  
  135  10:16  SCV  
  135  10:17  SCV x3  
  135  10:20  Refinery  
  135  10:21  Refinery  
  139  10:28  SCV  
  139  10:35  Command Center  
  140  10:39  Starport, Factory  
  140  10:40  Starport  
  140  10:42  Factory  
  140  10:45  Hellion x4  
  140  10:46  Battlecruiser  
  140  10:47  SCV x4  
  158  10:54  Planetary Fortress  
  158  10:58  Refinery  
  158  10:59  SCV x2  
  158  11:02  Refinery  
  160  11:17  Terran Ship Weapons Level 1, Terran Vehicle And Ship Armor Level 1  
  160  11:18  SCV x3  
  161  11:19  SCV  
  161  11:21  Starport Tech Lab x2, Battlecruiser  
  161  11:25  Factory Reactor x2  
  164  11:26  Hi-Sec Auto Tracking  
  164  11:30  SCV  
  153  11:50  Hellbat x4, Battlecruiser  
  153  11:51  Battlecruiser  
  173  11:57  Command Center  
  173  12:07  Planetary Fortress  
  173  12:14  Battlecruiser  
  173  12:15  Hellbat x7, Hellion x10  
  193  12:16  Refinery  
  193  12:19  Refinery  
  193  12:20  Hellbat  
  189  12:27  Missile Turret  
  189  12:28  Missile Turret  
  189  12:30  Missile Turret  
  189  12:39  Battlecruiser  
  194  12:45  Hellion x4  
  185  13:02  Battlecruiser  
  185  13:03  Battlecruiser  
  192  13:06  Hellion x3  
  192  13:07  Hellion  
  200  13:25  Weapon Refit  
  200  13:36  Starport  
  200  13:37  Starport, Planetary Fortress  
  200  13:38  Starport x2, Orbital Command  
  200  13:59  Command Center  
  198  14:20  Starport Tech Lab x4  
  192  14:38  Refinery  
  182  14:39  Refinery  
  182  14:40  Battlecruiser x3  
  182  14:41  Missile Turret  
  200  14:56  Starport  
  200  14:58  Starport x3  
  168  15:33  Hellbat x5  
  168  15:34  Hellbat x3  
  168  15:35  Starport Tech Lab x4  
  194  15:43  Orbital Command  
  194  15:48  Command Center  
Tags
 
Add a new tag
Caveats
  • Supply blocks, unpowered buildings, or Contaminate may cause inaccurate times.
  • Supply counts are checked every 10 seconds.